 Dungeon Crawl Stone Soup version 0.26.0-16-gc1dbca0489 (webtiles) character file.

Game seed: 1010426046724342175

184 kaeus the Sneak (level 5, -1/41 HPs)
             Began as an Octopode Wanderer on Jan 19, 2021.
             Slain by an adder (5 damage)
             ... on level 2 of the Dungeon.
             The game lasted 00:03:09 (852 turns).

kaeus the Sneak (Octopode Wanderer)                  Turns: 852, Time: 00:03:10

Health: -1/41      AC:  1    Str: 10    XL:     5   Next: 64%
Magic:  5/5        EV: 13    Int: 16    God:
Gold:   8          SH:  0    Dex: 12    Spells: 4/4 levels left

rFire    + . .     SeeInvis .   j - +2 scythe (venom)
rCold    . . .     Faith    .   (shield currently unavailable)
rNeg     . . .     Spirit   .   (helmet restricted)
rPois    .         Reflect  .   (no amulet)
rElec    .         Harm     .   h - ring of protection from fire
rCorr    .         Rampage  .   (no ring)
Will     .....                  (no ring)
Stlth    ++++......             (no ring)
HPRegen  0.13/turn              (no ring)
MPRegen  0.09/turn              (no ring)
                                (no ring)
                                (no ring)

@: lethally poisoned (-1 -> -5)
A: almost no armour, stealthy swim, amphibious, 8 rings, constrict 8, camouflage
1, gelatinous body 1
a: no special abilities


You were on level 2 of the Dungeon.
You visited 1 branch of the dungeon, and saw 2 of its levels.

You collected 8 gold pieces.

Inventory:

Hand Weapons
 a - a +2 quarterstaff
 d - a +0 dagger
 j - a +2 scythe of venom (weapon)
Jewellery
 h - a ring of protection from fire (left tentacle)
Scrolls
 e - 3 scrolls of teleportation {unknown}
 g - 2 scrolls of enchant armour {unknown}
 i - a scroll of random uselessness {unknown}
Potions
 b - 3 potions of curing
 c - a potion of lignification
 f - a potion of might {unknown}


   Skills:
 + Level 5.7 Fighting
 * Level 0.1(1.6) Polearms
 - Level 2.7 Staves
 + Level 2.0 Dodging
 + Level 6.6 Stealth


You had 4 spell levels left.
You didn't know any spells.
Your spell library was empty.

Dungeon Overview and Level Annotations

Branches:
Dungeon (2/15)

Altars:


Innate Abilities, Weirdness & Mutations

You cannot wear most types of armour.
You are very stealthy in the water. (Stealth+)
You are amphibious.
You can wear up to eight rings at the same time.
You can use your tentacles to constrict eight enemies at once.
Your skin changes colour to match your surroundings (Stealth+).
Your rubbery body absorbs attacks. (AC +1, EV +1)


Message History

The ooze hits you.
* * * LOW HITPOINT WARNING * * *
You barely miss the bat. You grab the bat.
The bat is severely wounded.
You constrict the bat.
You kill the bat!
The ooze closely misses you.
The adder hisses angrily.
You hit the ooze.
The ooze is poisoned.
The ooze is almost dead.
The ooze closely misses you. The ooze hits you.
* * * LOW HITPOINT WARNING * * *
You slash the ooze!
You kill the ooze!
You closely miss the adder. You grab the adder. You constrict the adder.
The adder bites you.
* * * LOW HITPOINT WARNING * * *
You are lethally poisoned!
The adder poisons you! The adder bites you.
You die...

## ##################..#
...............[...+
#.............###.#
#.............+ .
#.....).......# ...
#.........@S..#+##....
###(#######..[........
#......##..........S
#.)....##...........
.#####......##...........
.......(....######+###...
######......# .. #......#
# #.(....#


You could see an adder.

Vanquished Creatures
  Sigmund (D:2)
  An ooze (D:2)
  A giant cockroach (D:2)
  4 goblins
  4 kobolds
  7 bats
  2 rats (D:1)
20 creatures vanquished.

Notes
Turn   | Place    | Note
-------+----------+-------------------------------------------
     0 | D:1      | kaeus the Octopode Wanderer began the quest for the Orb.
     0 | D:1      | kaeus set off with the following items: a +2 quarterstaff,
                  | a potion of curing, a potion of lignification, a +0 dagger
     0 | D:1      | Reached XP level 1. HP: 18/18 MP: 1/1
   238 | D:1      | Reached XP level 2. HP: 24/24 MP: 2/2
   819 | D:2      | Noticed Sigmund
   829 | D:2      | Killed Sigmund
   830 | D:2      | Reached skill level 6 in Stealth
   830 | D:2      | Reached XP level 3. HP: 16/30 MP: 3/3
   830 | D:2      | Reached XP level 4. HP: 19/36 MP: 4/4
   830 | D:2      | Reached XP level 5. HP: 22/41 MP: 5/5
   852 | D:2      | Slain by an adder

Illustrated notes

Levels and vault maps discovered:
D:1:      lightli_arrival_lavapool, layout_loops_ring
D:2:      layout_basic, chequers_ecumenical_altar_simple, uniq_sigmund

Skill      XL: |  1  2 |
---------------+-------+-----
Staves         | 2 |  2.7
Dodging        | 2 |  2.0
Stealth        | 6 |  6.6
Fighting       | |  5.7
Polearms       | |  0.1

Action                   |  1- 3 |  4- 6 || total
-------------------------+-------+-------++-------
Melee: Quarterstaff      |    30 |       ||    30
       Constrict         |     4 |     3 ||     7
       Tentacles         |     3 |     1 ||     4
       Scythe            |       |     9 ||     9
 Stab: Sleeping          |     7 |       ||     7
Armor: Skin              |     3 |     2 ||     5
Dodge: Dodged            |    19 |    10 ||    29
